 Dungeon Crawl Stone Soup version 0.21.0-3-g78d12a8 (webtiles) character file.

44 rb the Cudgeler (level 3, -1/23 HPs)
             Began as a Gargoyle Monk on Jan 17, 2018.
             Slain by an adder (2 damage)
             ... on level 2 of the Dungeon.
             The game lasted 00:05:14 (1196 turns).

rb the Cudgeler (Gargoyle Monk)                     Turns: 1196, Time: 00:05:14

Health: -1/23      AC:  8    Str: 14    XL:     3   Next: 62%
Magic:  3/3        EV: 11    Int: 10    God:
Gold:   71         SH:  0    Dex: 15    Spells: 2/2 levels left

rFire    . . .     SeeInvis .   a - +0 mace
rCold    . . .     Gourm    .   (no shield)
rNeg     + . .     Faith    .   h - +0 ring mail
rPois    ∞         Spirit   .   (helmet restricted)
rElec    +         Reflect  .   (no cloak)
rCorr    .         Harm     .   (no gloves)
MR       .....                  (no boots)
Stlth    ++........             (no amulet)
HPRegen  0.07/turn              d - ring of poison resistance
MPRegen  0.08/turn              (no ring)

@: no status effects
A: horns 1, thin skeletal structure 1, negative energy resistance 1, electricity
resistance, unbreathing, petrification resistance, rot immunity, subdued magic
1, AC +3
a: no special abilities


You were on level 2 of the Dungeon.
You were not hungry.

You visited 1 branch of the dungeon, and saw 2 of its levels.

You collected 71 gold pieces.

Inventory:

Hand Weapons
 a - a +0 mace (weapon)
Missiles
 e - 41 stones (quivered)
Armour
 b - a +0 robe
 h - a +0 ring mail (worn)
Jewellery
 d - a ring of poison resistance (left hand)
Scrolls
 i - a scroll of amnesia
 j - a scroll of magic mapping
 l - a scroll of remove curse
Comestibles
 c - 4 rations


   Skills:
 - Level 3.2 Fighting
 + Level 4.5 Maces & Flails
 - Level 2.4 Dodging
 - Level 2.1 Stealth


You had 2 spell levels left.
You didn't know any spells.

Dungeon Overview and Level Annotations

Branches:
Dungeon (2/15)

Altars:

Annotations:
D:2 Crazy Yiuf


Innate Abilities, Weirdness & Mutations

You are resistant to torment.
Your stone body is resilient. (AC +3)
You are immune to poison.
You resist negative energy. (rN+)
You are resistant to electric shocks. (rElec)
You can survive without breathing.
You are immune to petrification.
You are immune to rotting.
You have a pair of small horns on your head.
You have a somewhat thin skeletal structure. (Dex +2, Stealth)
Your spells are a little easier to cast, but a little less powerful.


Message History

* * * LOW HITPOINT WARNING * * *
A giant cockroach comes into view.
The bat barely misses you. The bat misses you.
The bat hits you but does no damage. The adder misses you.
The bat closely misses you. The giant cockroach closely misses you.
The bat closely misses you. The bat barely misses you.
The giant cockroach bites you but does no damage. x2
The bat barely misses you. The giant cockroach closely misses you.
The bat hits you but does no damage. The bat hits you but does no damage.
The bat hits you but does no damage. The giant cockroach bites you.
* * * LOW HITPOINT WARNING * * *
The bat hits you but does no damage. The bat misses you.
The giant cockroach barely misses you. The adder closely misses you.
Crazy Yiuf grits, "Scoff!"
The adder bites you.
You die...

#.# #........# ##### #.#
#........# ##...## #.#
###...##.#
#....>###.#####...##.########
#...............#.....).....[
#.....#########....#.########
######...###### ##......# #
.............g####....<..## #
###..........sbS@.........# #
#.###..#########........### #
###.# #..# #..........# #
....# #..# #.#...#..#.#####
#####
#..#########.##............
..w..
.....).......#####..#.#####
#################..#
#........ #..# #...#####
#..#####.#.#


You could see Crazy Yiuf, an adder, a giant cockroach and a bat.

Vanquished Creatures
  An adder (D:2)
  2 leopard geckos (D:1)
  4 giant cockroaches (D:1)
  3 goblins
  2 hobgoblins (D:1)
  4 jackals (D:1)
  2 kobolds
  5 bats
  3 frilled lizards (D:1)
  4 rats
30 creatures vanquished.

Notes
Turn   | Place    | Note
-------+----------+-------------------------------------------
     0 | D:1      | rb the Gargoyle Monk began the quest for the Orb.
     0 | D:1      | Reached XP level 1. HP: 14/14 MP: 1/1
    58 | D:1      | Reached XP level 2. HP: 10/19 MP: 2/2
   372 | D:1      | Reached skill level 4 in Maces & Flails
   498 | D:1      | Reached XP level 3. HP: 12/23 MP: 3/3
  1103 | D:2      | Found a runed door.
  1107 | D:2      | Noticed Crazy Yiuf
  1114 | D:2      | Gained mutation: You have a somewhat thin skeletal structure. (Dex +2, Stealth) [potion of mutation]
  1114 | D:2      | Gained mutation: Your spells are a little easier to cast, but a little less powerful. [potion of mutation]
  1114 | D:2      | Gained mutation: You have a pair of small horns on your head. [potion of mutation]
  1179 | D:2      | HP: 1/23 [adder (3)]
  1188 | D:2      | HP: 1/23 [giant cockroach (1)]
  1196 | D:2      | Slain by an adder

Skill      XL: |  1  2 |
---------------+-------+-----
Maces & Flails | 4 |  4.5
Fighting       | |  3.2
Dodging        | |  2.4
Stealth        | |  2.1

Action                   || total
-------------------------++-------
Melee: Mace              ||   119
  Use: Scroll            ||     6
       Potion            ||     2
 Stab: Sleeping          ||     2
  Eat: Chunk             ||     1
Armor: Robe              ||    16
       Ring mail         ||    54
Dodge: Dodged            ||   128
